 Dungeon Crawl Stone Soup version 0.29.1-15-g9cfb28693d (webtiles) character file.

Game seed: 12788812687961874789

74344 StoopidFlanders the Fighter (level 15, 0/121 HPs)
             Began as a Gnoll Wanderer on Apr 8, 2023.
             Was an Initiate of Gozag.
             Slain by a quicksilver ooze (4 damage)
             ... on level 12 of the Dungeon.
             The game lasted 01:42:31 (37186 turns).

StoopidFlanders the Fighter (Gnoll Wanderer)       Turns: 37186, Time: 01:42:33

Health: 0/121      AC: 29    Str:  6 (7)  XL:     15   Next: 46%
Magic:  29/29      EV:  9    Int: 10 (11) God:    Gozag
Gold:   3819       SH: 10    Dex: 23 (24) Spells: 25/35 levels left

rFire   + . .      SeeInvis .   M - +5 eveningstar (chaos)
rCold   . . .      Faith    .   f - +2 buckler
rNeg    . . .      Spirit   .   p - +18 Lear's hauberk
rPois   +          Reflect  .   (helmet currently unavailable)
rElec   .          Harm     .   F - scarf {+Inv}
rCorr   .          Rampage  .   (gloves currently unavailable)
Will    ++...                   (boots currently unavailable)
Stlth   ++........              J - amulet of the acrobat
HPRegen 0.30/turn               z - ring of poison resistance
MPRegen 0.21/turn               A - ring "Voetosel" {rF+ EV+4}

@: mighty, engulfed (cannot breathe), gold aura, hasted, studying Dodging, very
quick
A: fangs 1, strong nose, distributed training, deterioration 1, strong-willed 1,
sense surroundings 1
a: Renounce Religion, Evoke Invisibility, Potion Petition, Call Merchant, Bribe
Branch


You were on level 12 of the Dungeon.
You worshipped Gozag.
Gozag was most pleased with you.
You visited 4 branches of the dungeon, and saw 20 of its levels.
You also visited: Bailey and Volcano.

You collected 5827 gold pieces.
You spent 1406 gold pieces at shops.
You paid 602 gold pieces to Gozag.

Inventory:

Hand Weapons
 e - the +5 broad axe of the Valley of Death {elec, rElec}
   (You bought it in a shop on level 2 of the Orcish Mines)

   It occasionally discharges a powerful burst of electricity upon striking a
   foe.
   rElec:     It insulates you from electricity.
 t - the +6 quarterstaff "Eside" {protect, rCorr Int+4 Dex+5}
   (You bought it in a shop on level 1 of the Dungeon)

   It grants its wielder temporary protection when it strikes (+7 to AC).
   Int:       It affects your intelligence (+4).
   Dex:       It affects your dexterity (+5).
   rCorr:     It protects you from acid and corrosion.
 w - a +1 demon whip of venom
 x - a +0 lajatang of venom
 M - a +5 eveningstar of chaos (weapon)
Missiles
 O - 3 throwing nets (quivered)
Armour
 f - a +2 buckler (worn)
 g - a +2 robe of willpower
 k - a +1 pair of boots of rampaging
 p - the +18 Lear's hauberk (worn)
   (You acquired it in a bailey)
 F - a scarf of invisibility (worn)
Jewellery
 d - the ring "Vunled" {rF- rN+++ rCorr AC+4}
   (You acquired it on level 2 of the Orcish Mines)

   [ring of protection]

   AC:        It affects your AC (+4).
   rF:        It makes you vulnerable to fire.
   rN:        It renders you almost immune to negative energy.
   rCorr:     It protects you from acid and corrosion.
 q - a ring of flight
 v - an amulet of guardian spirit
 z - a ring of poison resistance (left hand)
 A - the ring "Voetosel" (right hand) {rF+ EV+4}
   (You took it off a kobold demonologist on level 7 of the Dungeon)

   [ring of evasion]

   EV:        It affects your evasion (+4).
   rF:        It protects you from fire.
 J - an amulet of the acrobat (around neck)
 K - a +6 ring of strength
 P - a ring of wizardry
Scrolls
 b - 3 scrolls of teleportation
 c - a scroll of fear
 h - a scroll of summoning
 i - 5 scrolls of noise
 n - a scroll of amnesia
 o - a scroll of fog
 s - a scroll of acquirement
 B - 2 scrolls of enchant armour
 C - 4 scrolls of immolation
 D - 5 scrolls of blinking
 E - 2 scrolls of identify
 H - 3 scrolls of torment
 I - 2 scrolls of vulnerability
 L - 3 scrolls of poison
Potions
 a - a potion of resistance
 j - 5 potions of brilliance
 l - 6 potions of curing
 m - 2 potions of haste
 r - 2 potions of might
 u - 4 potions of attraction


   Skills:
 + Level 12.3 Fighting
 + Level 10.5 Short Blades
 + Level 10.5 Long Blades
 + Level 10.5 Axes
 + Level 10.5 Maces & Flails
 + Level 10.5 Polearms
 + Level 10.5 Staves
 + Level 10.5 Ranged Weapons
 + Level 10.8 Throwing
 + Level 10.8 Armour
 + Level 11.0 Dodging
 + Level 11.3 Stealth
 + Level 11.4 Shields
 + Level 10.5 Unarmed Combat
 + Level 10.5 Spellcasting
 + Level 8.8 Conjurations
 + Level 8.8 Hexes
 + Level 8.8 Summonings
 + Level 8.8 Necromancy
 + Level 8.8 Translocations
 + Level 8.8 Transmutations
 + Level 8.8 Fire Magic
 + Level 8.8 Ice Magic
 + Level 8.8 Air Magic
 + Level 8.8 Earth Magic
 + Level 8.8 Poison Magic
 + Level 11.4 Invocations
 + Level 10.8 Evocations


You had 25 spell levels left.
You knew the following spells:

 Your Spells              Type           Power      Damage    Failure   Level
a - Metabolic Englaciati  Hex/Ice        11%        N/A       100%        5
b - Ensorcelled Hibernat  Hex/Ice        44%        N/A       65%         2
c - Swiftness             Air            22%        N/A       86%         3

Your spell library contained the following spells:

 Spells                   Type           Power      Damage    Failure   Level
 Beastly Appendage        Tmut           44%        N/A       50%         1
 Freeze                   Ice            88%        1d10      50%         1
 Slow                     Hex            88%        N/A       50%         1
 Summon Small Mammal      Summ           88%        N/A       50%         1
 Passwall                 Tmut/Erth      18%        N/A       65%         2
 Scorch                   Fire           44%        2d7       65%         2
 Sublimation of Blood     Necr           22%        N/A       65%         2
 Wereblood                Tmut           22%        N/A       65%         2
 Frozen Ramparts          Ice            44%        1d7       86%         3
 Ozocubu's Armour         Ice            22%        N/A       86%         3
 Spider Form              Tmut/Pois      22%        N/A       86%         3
 Flame Wave               Conj/Fire      22%        2d8       99%         4
 Iskenderun's Mystic Bla  Conj/Tloc      22%        2d6       99%         4
 Olgreb's Toxic Radiance  Pois           22%        N/A       99%         4
 Petrify                  Tmut/Erth      22%        N/A       99%         4
 Summon Ice Beast         Ice/Summ       22%        N/A       99%         4
 Irradiate                Conj/Tmut      11%        3d15      100%        5
 Summon Mana Viper        Hex/Summ       22%        N/A       100%        5
 Summon Cactus Giant      Summ           11%        N/A       100%        6
 Monstrous Menagerie      Summ           11%        N/A       100%        7
 Ozocubu's Refrigeration  Ice            11%        4d9       100%        7
 Ignition                 Fire           11%        3d5       100%        8
 Simulacrum               Ice/Necr       Unusable   N/A       N/A         6

Dungeon Overview and Level Annotations

Branches:
Dungeon (12/15)            Temple (1/1) D:7            Lair (5/5) D:8
 Shoals (0/4) Lair:3       Spider (0/4) Lair:2        Slime (0/5) Lair:5
    Orc (2/2) D:9             Elf (0/3) Orc:2        Bailey (visited)
Volcano (visited)

Altars:
Ashenzari
Cheibriados
Dithmenos
Elyvilon
Fedhas
Gozag
Hepliaklqana
Kikubaaqudgha
Makhleb
Nemelex Xobeh
Okawaru
Qazlal
Ru
Sif Muna
Trog
Uskayaw
Vehumet
Wu Jian
Xom
Yredelemnul
Zin
The Shining One

Shops:
D:1 (   D:5 *(   D:8 *   Orc:2 [*(=!

Annotations:
D:8 4 runed translucent doors


Innate Abilities, Weirdness & Mutations

You have very sharp teeth.
Your uncanny sense of smell can sniff out nearby items.
Your experience applies equally to all skills.
Your body sometimes deteriorates upon taking damage.
You are strong-willed. (Will+)
You passively map a small area around you.


Message History

You block the quicksilver ooze's attack.
You puncture the quicksilver ooze! You freeze the quicksilver ooze.
Your bite misses the quicksilver ooze.
The quicksilver ooze is moderately wounded.
The quicksilver ooze is distracted by your dazzling golden aura.
The quicksilver ooze quivers.
You sock the quicksilver ooze! You freeze the quicksilver ooze!
The quicksilver ooze is no longer distracted by gold.
Your bite misses the quicksilver ooze.
The quicksilver ooze is heavily wounded.
The quicksilver ooze hits you!
* * * LOW HITPOINT WARNING * * *
You block the quicksilver ooze's attack.
You hit the quicksilver ooze. You burn the quicksilver ooze.
The quicksilver ooze is severely wounded.
The quicksilver ooze hits you. The quicksilver ooze engulfs you!
The quicksilver ooze barely misses you.
You miss the quicksilver ooze.
You bite the quicksilver ooze, but do no damage.
The quicksilver ooze is severely wounded.
* * * LOW HITPOINT WARNING * * *
Your lungs strain for air!
The quicksilver ooze hits you.
You block the quicksilver ooze's attack.
You block the troll's attack. The troll claws you but does no damage.
You block the troll's attack.
You closely miss the quicksilver ooze.
The quicksilver ooze is severely wounded.
* * * LOW HITPOINT WARNING * * *
Your lungs strain for air!
You block the quicksilver ooze's attack.
The quicksilver ooze hits you but does no damage.
You feel very mighty all of a sudden.
* * * LOW HITPOINT WARNING * * *
Your lungs strain for air!
The quicksilver ooze hits you!
* * * LOW HITPOINT WARNING * * *
The quicksilver ooze hits you.
You die...
Your body crumbles into a pile of gold.

..#....##.....##
,* ..'....##.....#
* , ,
..#######...... ,,
.# # ** ...
,,#......#,,..##.,
, .... , +......#,
..'. , , .(... , ,
,, , ..# , .....
** ###'## , ,
..... #.Ty.#*∆, ,
.. #@J..## ,
#.....# , #.....#
#.....# * #.....#
, ####### * *


You could see a quicksilver ooze, a troll and a vampire mosquito.

Vanquished Creatures
  Gastronok (D:9)
  An orc warlord (Orc:1)
  6 hydras
  The ghost of AverageBear the Nimble, a journeyman OpFi of Cheibriados (Orc:2)
  Harold (D:9)
  A boulder beetle (D:9)
  A catoblepas (Lair:5)
  2 centaur warriors
  A deep troll shaman (Lair:5)
  5 two-headed ogres
  9 death yaks
  A tengu warrior (D:8)
  5 orc high priests
  Amaemon (Lair:2)
  Urug (Lair:4)
  2 skeletal warriors (Volcano)
  4 orc knights
  2 anaconda skeletons (Volcano)
  A deep elf pyromancer (D:9)
  2 lindwurms
  An orc sorcerer (Orc:2)
  3 oklob plants (Lair:5)
  5 cyclopes
  4 manticores
  21 elephants
  4 black mambas
  10 cane toads
  3 gargoyles (Volcano)
  An orange demon (Lair:2)
  A kobold demonologist (D:7)
  A yaktaur (Orc:1)
  Maggie (D:7)
  3 rime drakes
  2 unseen horrors
  6 komodo dragons
  2 polar bears (Lair:5)
  2 trolls
  Prince Ribbit (D:8)
  11 blink frogs
  2 hornets (D:9)
  A raiju (Orc:1)
  A slime creature (D:7)
  A harpy skeleton (Volcano)
  4 wraiths
  A spriggan (D:9)
  A culicivora (Lair:2)
  2 shadows
  A vampire (D:10)
  27 yaks
  3 flying skulls (Volcano)
  A wyvern (D:7)
  2 humans (D:11)
  3 steam dragons
  A basilisk (D:12)
  A vampire mosquito (D:12)
  3 redbacks (Lair:2)
  2 acid dragons
  A warg (Orc:1)
  17 water moccasins
  42 orc warriors
  3 black bears
  4 ice beasts
  7 ogres
  13 wolves
  6 centaurs
  7 kobold brigands
  13 bullfrogs
  Blork the orc (D:3)
  A gnoll sergeant (D:9)
  2 necrophages
  7 scorpions
  10 wights
  16 killer bees
  A spriggan skeleton (Volcano)
  12 electric eels
  6 howler monkeys
  3 hounds
  22 orc priests
  A gnoll bouda (D:8)
  A jelly (D:5)
  4 iguanas
  31 orc wizards
  A naga skeleton (Volcano)
  5 gnolls
  12 adders
  3 shadow imps
  3 white imps
  4 worms
  2 dart slugs
  70 orcs
  3 ball pythons
  A bat (D:1)
  8 endoplasms
  3 giant cockroaches
  21 goblins
  14 hobgoblins
  4 jackals
  2 quokkas (D:2)
  4 frilled lizards
  32 kobolds
  4 rats
614 creatures vanquished.

Vanquished Creatures (collateral kills)
  Sonja (Orc:2)
  An orc warrior (Orc:2)
  An orc wizard (Orc:2)
  2 orcs (Orc:2)
5 creatures vanquished.

Vanquished Creatures (others)
  A vampire mosquito (D:12)
  A sky beast (D:7)
  An orc priest (Orc:1)
  An orc wizard (Orc:2)
  A bush (Lair:5)
  31 fungi
  74 plants
110 creatures vanquished.

Grand Total: 729 creatures vanquished

Notes
Turn   | Place    | Note
-------+----------+-------------------------------------------
     0 | D:1      | StoopidFlanders the Gnoll Wanderer began the quest for the
                  | Orb.
     0 | D:1      | StoopidFlanders set off with the following items: a +0
                  | dagger, a scroll of teleportation, a +0 cloak, a scroll of
                  | fog, a +0 robe, a +2 buckler.
     0 | D:1      | Reached XP level 1. HP: 23/23 MP: 1/1
   448 | D:1      | Reached XP level 2. HP: 29/29 MP: 2/2
   989 | D:1      | Found Colahurr's Antique Weapon Shoppe.
  1143 | D:2      | Reached XP level 3. HP: 20/35 MP: 3/3
  1377 | D:2      | Reached skill level 1 in Invocations
  1767 | D:2      | Reached skill level 1 in Short Blades
  1767 | D:2      | Reached skill level 1 in Long Blades
  1767 | D:2      | Reached skill level 1 in Axes
  1767 | D:2      | Reached skill level 1 in Maces & Flails
  1767 | D:2      | Reached skill level 1 in Polearms
  1767 | D:2      | Reached skill level 1 in Staves
  1767 | D:2      | Reached skill level 1 in Ranged Weapons
  1767 | D:2      | Reached skill level 1 in Dodging
  1767 | D:2      | Reached skill level 1 in Unarmed Combat
  1767 | D:2      | Reached skill level 1 in Spellcasting
  1869 | D:2      | Reached XP level 4. HP: 35/41 MP: 5/5
  2118 | D:2      | Found a faded altar of an unknown god.
  2309 | D:1      | Bought a fine quarterstaff for 180 gold pieces
  2309 | D:1      | Identified the +6 quarterstaff "Eside" {protect, rCorr
                  | Int+4 Dex+5} (You bought it in a shop on level 1 of the
                  | Dungeon)
  2403 | D:3      | Reached skill level 1 in Conjurations
  2403 | D:3      | Reached skill level 1 in Hexes
  2403 | D:3      | Reached skill level 1 in Summonings
  2403 | D:3      | Reached skill level 1 in Necromancy
  2403 | D:3      | Reached skill level 1 in Translocations
  2403 | D:3      | Reached skill level 1 in Transmutations
  2403 | D:3      | Reached skill level 1 in Fire Magic
  2403 | D:3      | Reached skill level 1 in Ice Magic
  2403 | D:3      | Reached skill level 1 in Air Magic
  2403 | D:3      | Reached skill level 1 in Earth Magic
  2403 | D:3      | Reached skill level 1 in Poison Magic
  2410 | D:3      | Reached XP level 5. HP: 41/47 MP: 5/7
  2595 | D:3      | Learned a level 1 spell: Beastly Appendage
  3584 | D:4      | Noticed Blork the orc
  3585 | D:4      | Noticed a black bear
  3597 | D:3      | Killed Blork the orc
  3598 | D:3      | Reached skill level 5 in Shields
  3598 | D:3      | Reached XP level 6. HP: 36/53 MP: 6/8
  3861 | D:4      | You fall into a shaft and drop 3 floors!
  3919 | D:7      | Noticed an orc warrior
  4028 | D:6      | Reached skill level 7 in Fighting
  4028 | D:6      | Reached XP level 7. HP: 58/60 MP: 8/10
  4195 | D:5      | Entered Level 5 of the Dungeon
  4284 | D:5      | Reached skill level 5 in Stealth
  4287 | D:5      | Found Xumuwoem's Weapon Emporium.
  4480 | D:5      | Found Vazatoih's Serpentskin Sales.
  4550 | D:5      | Reached XP level 8. HP: 51/67 MP: 12/12
  6074 | D:4      | Learned a level 2 spell: Ensorcelled Hibernation
  6078 | D:4      | Learned a level 3 spell: Swiftness
  6199 | D:6      | Reached XP level 9. HP: 73/73 MP: 14/14
  6864 | D:6      | Reached skill level 5 in Throwing
  6864 | D:6      | Reached skill level 5 in Armour
  6864 | D:6      | Reached skill level 5 in Evocations
  7101 | D:7      | Noticed Maggie
  7176 | D:7      | Reached skill level 8 in Fighting
  7335 | D:7      | Killed Maggie
  7336 | D:7      | Reached skill level 5 in Invocations
  7395 | D:7      | Noticed a komodo dragon
  7405 | D:7      | Reached skill level 5 in Short Blades
  7405 | D:7      | Reached skill level 5 in Long Blades
  7405 | D:7      | Reached skill level 5 in Axes
  7405 | D:7      | Reached skill level 5 in Maces & Flails
  7405 | D:7      | Reached skill level 5 in Polearms
  7405 | D:7      | Reached skill level 5 in Staves
  7405 | D:7      | Reached skill level 5 in Ranged Weapons
  7405 | D:7      | Reached skill level 5 in Dodging
  7405 | D:7      | Reached skill level 5 in Unarmed Combat
  7405 | D:7      | Reached skill level 5 in Spellcasting
  7405 | D:7      | Reached XP level 10. HP: 19/81 MP: 13/17
  7835 | D:7      | Noticed a six-headed hydra
  7846 | D:7      | Killed a six-headed hydra
  7852 | D:7      | Noticed a gargoyle
  7853 | D:7      | Identified the +3 war axe "Orb Guardian's Curse" {venom,
                  | Str+4}
  7853 | D:7      | Identified the ring "Voetosel" {rF+ EV+4}
  7853 | D:7      | Noticed a kobold demonologist
  7856 | D:7      | Noticed a rust devil
  8042 | D:7      | Noticed an orange demon
  8046 | D:7      | Killed a kobold demonologist
  8541 | D:7      | Paralysed by a centaur for 4 turns
  8644 | D:7      | Found a staircase to the Ecumenical Temple.
  8744 | Temple   | Entered the Ecumenical Temple
  8838 | Temple   | Became a worshipper of Gozag Ym Sagoz the Greedy
  9057 | D:8      | Noticed a death yak
  9184 | D:8      | Noticed Prince Ribbit
  9232 | D:8      | Killed Prince Ribbit
  9532 | D:8      | Found a large runed translucent door.
  9533 | D:8      | Found a large runed translucent door.
  9540 | D:8      | Noticed a centaur warrior
  9546 | D:8      | Found a large runed translucent door.
  9546 | D:8      | Found a large runed translucent door.
  9674 | D:8      | Found Inox Upi's General Store.
  9682 | D:8      | Bought a scroll of magic mapping for 82 gold pieces
  9682 | D:8      | Bought a scarf of invisibility for 132 gold pieces
  9758 | D:8      | Reached skill level 9 in Fighting
  9843 | D:8      | Reached skill level 5 in Conjurations
  9843 | D:8      | Reached skill level 5 in Hexes
  9843 | D:8      | Reached skill level 5 in Summonings
  9843 | D:8      | Reached skill level 5 in Necromancy
  9843 | D:8      | Reached skill level 5 in Translocations
  9843 | D:8      | Reached skill level 5 in Transmutations
  9843 | D:8      | Reached skill level 5 in Fire Magic
  9843 | D:8      | Reached skill level 5 in Ice Magic
  9843 | D:8      | Reached skill level 5 in Air Magic
  9843 | D:8      | Reached skill level 5 in Earth Magic
  9843 | D:8      | Reached skill level 5 in Poison Magic
  9848 | D:8      | Reached XP level 11. HP: 85/89 MP: 20/20
  9848 | D:8      | Noticed a centaur warrior
  9865 | D:8      | Killed a centaur warrior
 10159 | D:8      | Noticed a tengu warrior
 10173 | D:8      | Killed a tengu warrior
 10487 | D:8      | Noticed a death yak
 10488 | D:8      | Found a staircase to the Lair.
 10488 | D:8      | Noticed a death yak
 10488 | D:8      | Noticed a death yak
 10488 | D:8      | Noticed a death yak
 10641 | Lair:1   | Entered Level 1 of the Lair of Beasts
 12197 | Lair:2   | Found a glowing golden altar of the Shining One.
 12200 | Lair:2   | Noticed a seven-headed hydra
 12911 | Lair:2   | Killed a seven-headed hydra
 12912 | Lair:2   | Reached XP level 12. HP: 15/97 MP: 19/22
 12917 | Lair:2   | Noticed Amaemon
 13575 | Lair:2   | Reached skill level 10 in Fighting
 13959 | Lair:2   | Killed Amaemon
 14009 | Lair:2   | Found a hole to the Spider Nest.
 14401 | Lair:2   | Gained mutation: You expend magic power (3 MP) to
                  | strengthen your wands. [potion of mutation]
 14402 | Lair:2   | Lost mutation: You expend magic power (3 MP) to strengthen
                  | your wands. [potion of mutation]
 14402 | Lair:2   | Gained mutation: Your body sometimes deteriorates upon
                  | taking damage. [potion of mutation]
 14402 | Lair:2   | Gained mutation: You have hidden genetic potential. [potion
                  | of mutation]
 14457 | Lair:3   | Found a dark tunnel.
 14466 | Volcano  | Entered a volcano
 15668 | Lair:3   | Reached XP level 13. HP: 99/104 MP: 25/25
 15693 | Lair:3   | Found a staircase to the Shoals.
 17960 | Lair:5   | Entered Level 5 of the Lair of Beasts
 18101 | Lair:5   | Got Nesuat's Willworking for Neophytes
 18108 | Lair:5   | Learned a level 5 spell: Metabolic Englaciation
 18578 | Lair:5   | Reached skill level 11 in Fighting
 18578 | Lair:5   | Reached skill level 10 in Shields
 19326 | Lair:5   | Found a staircase to the Slime Pits.
 20318 | Lair:5   | Reached skill level 10 in Stealth
 21632 | Lair:4   | Reached skill level 10 in Invocations
 21632 | Lair:4   | Reached XP level 14. HP: 28/113 MP: 9/27
 22247 | Lair:4   | Noticed Urug
 22255 | Lair:4   | Killed Urug
 23409 | Lair:3   | Gained mutation: You passively map a small area around you.
                  | [hidden potential]
 24993 | D:9      | Noticed Harold
 25012 | D:9      | Killed Harold
 25152 | D:9      | Found a staircase to the Orcish Mines.
 25545 | D:9      | Noticed Gastronok
 25572 | D:9      | Killed Gastronok
 25573 | D:9      | Reached skill level 10 in Throwing
 25573 | D:9      | Reached skill level 10 in Armour
 25573 | D:9      | Reached skill level 10 in Evocations
 26474 | D:9      | Got the Handbook of Wintry Wanderlust
 26545 | D:10     | Entered Level 10 of the Dungeon
 26567 | D:10     | Found a flagged portal.
 26601 | Bailey   | Entered a bailey
 27388 | Bailey   | Found an iron altar of Okawaru.
 27922 | Bailey   | Acquired the +18 Lear's hauberk
 27922 | Bailey   | Found the +18 Lear's hauberk
 28077 | Bailey   | Identified the +5 trident "Rewoist" {drain, rElec}
 29461 | D:10     | Found a shimmering altar of Xom.
 29462 | D:10     | Found a radiant altar of Vehumet.
 29464 | D:10     | Found an iron altar of Okawaru.
 29464 | D:10     | Found a shimmering blue altar of Sif Muna.
 29754 | D:11     | Reached skill level 10 in Dodging
 30050 | D:11     | Found an iron altar of Okawaru.
 30081 | D:11     | Reached skill level 10 in Short Blades
 30081 | D:11     | Reached skill level 10 in Long Blades
 30081 | D:11     | Reached skill level 10 in Axes
 30081 | D:11     | Reached skill level 10 in Maces & Flails
 30081 | D:11     | Reached skill level 10 in Polearms
 30081 | D:11     | Reached skill level 10 in Staves
 30081 | D:11     | Reached skill level 10 in Ranged Weapons
 30081 | D:11     | Reached skill level 10 in Unarmed Combat
 30081 | D:11     | Reached skill level 10 in Spellcasting
 30951 | Orc:1    | Entered Level 1 of the Orcish Mines
 31671 | D:9      | Reached XP level 15. HP: 96/120 MP: 29/29
 32196 | Orc:1    | Reached skill level 12 in Fighting
 32757 | Orc:2    | Entered Level 2 of the Orcish Mines
 32758 | Orc:2    | Found a staircase to the Elven Halls.
 32850 | Orc:2    | Paralysed by an orc sorcerer for 3 turns
 33271 | Orc:2    | Noticed Sonja
 33283 | Orc:2    | Killed Sonja
 33295 | Orc:2    | Found Akucw's Distillery.
 33329 | Orc:2    | Bought a potion of haste for 100 gold pieces
 33329 | Orc:2    | Bought a potion of resistance for 100 gold pieces
 33706 | Orc:2    | Noticed an orc warlord
 33756 | Orc:1    | Gained mutation: You are strong-willed. (Will+) [hidden
                  | potential]
 33756 | Orc:1    | Lost mutation: You have hidden genetic potential. [hidden
                  | potential expressed]
 33988 | Orc:1    | Killed an orc warlord
 34060 | Orc:2    | Paralysed by an orc sorcerer for 2 turns
 35768 | Orc:2    | Found Fitwaf's General Store.
 35772 | Orc:2    | Found Leheg's Jewellery Emporium.
 35774 | Orc:2    | Found Ohimnes's Antique Armour Shoppe.
 35774 | Orc:2    | Found Egaopp's Antique Weapon Shoppe.
 35962 | Orc:2    | Bought a crude broad axe for 252 gold pieces
 35962 | Orc:2    | Identified the +5 broad axe of the Valley of Death {elec,
                  | rElec} (You bought it in a shop on level 2 of the Orcish
                  | Mines)
 35971 | Orc:2    | Bought a potion of might for 40 gold pieces
 35971 | Orc:2    | Bought a scroll of acquirement for 520 gold pieces
 36031 | Orc:2    | Found a runed translucent door.
 36072 | Orc:2    | Noticed AverageBear's ghost (journeyman OpFi)
 36298 | Orc:2    | Killed AverageBear's ghost
 36323 | Orc:2    | Acquired the ring "Vunled" {rF- rN+++ rCorr AC+4}
 37186 | D:12     | HP: 4/121 [quicksilver ooze (11)]
 37186 | D:12     | Slain by a quicksilver ooze

Illustrated notes

Levels and vault maps discovered:
D:1:      kennysheep_arrival_seaside, layout_basic, serial_shops,
          nicolae_shop_statue_plus, roderic_roman_lattice
D:2:      cheibrodos_greedy_goblins, layout_rooms,
          shapermc_ecumenical_altar_ellora
D:3:      layout_loops_corners
D:4:      layout_loops_ring, uniq_blork_the_orc
D:5:      layout_loops_ring, serial_shops, nicolae_shop_bloodbath_and_beyond,
          serial_bayou_pond_e, guppyfry_shop_venom
D:6:      layout_rooms
D:7:      minmay_the_grid_octo_triangle [minmay_the_grid_octo_clover_2,
          minmay_the_grid_octo_prize_big_c, minmay_the_grid_octo_checkerflower],
          layout_basic, lemuel_temple_firewalk_a, kennysheep_generic_room_11,
          uniq_maggie
D:8:      layout_basic, dpeg_lair_monsters, serial_shops, shop,
          minmay_hollow_rounded_squares, uniq_prince_ribbit1
D:9:      nzn_winding_woodlands_three_and_one [nzn_winding_woodlands_5x15_cabin,
          nzn_winding_woodlands_5x15_split_checker,
          nzn_winding_woodlands_5x15_sawtooth,
          nzn_winding_woodlands_center_triple_pond], layout_basic, david_orc_3,
          serial_bayou_lagoon_a, the_hattery, uniq_gastronok, uniq_harold
D:10:     layout_basic, mainiacjoe_overflow_alcove_3, enter_bailey_5
D:11:     layout_roguey, dk_noncrumbling_4, okawaru_humans
D:12:     minmay_clustersquares, layout_gridville, minmay_misc_feat_tower
Temple:   mainiacjoe_temple_bowtie_tessellation
Lair:1:   layout_layer_cave, serial_bayou_shore_a, infiniplex_staircase_pool_2
Lair:2:   layout_cave_shapes, spider_nest_entry_funnel_web, basic_altar,
          uniq_amaemon
Lair:3:   layout_long_grid, minmay_shoals_entry_centaurs, enter_volcano_2,
          grunt_megastairs_3
Lair:4:   beast_lair_carwin_large_2, layout_small_grid, st_stairs_13, uniq_urug
Lair:5:   grunt_lair_end_beastmaster, layout_long_grid,
          minmay_slime_entry_oklob_enclosed
Orc:1:    layout_caves
Orc:2:    st_orc_congregation, layout_caves, serial_shops, nicolae_shop_stone,
          ebering_ghost_reflecting_pool, uniq_sonja

Skill      XL: |  1  2  3  4  5  6  7  8  9 10 11 12 13 14 15 |
---------------+----------------------------------------------+-----
Invocations    | 1 2 3 4 5 6 7 8 10 11 | 11.4
Short Blades   | 1 2 3 5 6 7 8 9 10 | 10.5
Long Blades    | 1 2 3 5 6 7 8 9 10 | 10.5
Axes           | 1 2 3 5 6 7 8 9 10 | 10.5
Maces & Flails | 1 2 3 5 6 7 8 9 10 | 10.5
Polearms       | 1 2 3 5 6 7 8 9 10 | 10.5
Staves         | 1 2 3 5 6 7 8 9 10 | 10.5
Ranged Weapons | 1 2 3 5 6 7 8 9 10 | 10.5
Dodging        | 1 2 3 5 6 7 8 9 10 11 | 11.0
Unarmed Combat | 1 2 3 5 6 7 8 9 10 | 10.5
Spellcasting   | 1 2 3 5 6 7 8 9 10 | 10.5
Conjurations   | 1 2 3 4 5 6 7 8 |  8.8
Hexes          | 1 2 3 4 5 6 7 8 |  8.8
Summonings     | 1 2 3 4 5 6 7 8 |  8.8
Necromancy     | 1 2 3 4 5 6 7 8 |  8.8
Translocations | 1 2 3 4 5 6 7 8 |  8.8
Transmutations | 1 2 3 4 5 6 7 8 |  8.8
Fire Magic     | 1 2 3 4 5 6 7 8 |  8.8
Ice Magic      | 1 2 3 4 5 6 7 8 |  8.8
Air Magic      | 1 2 3 4 5 6 7 8 |  8.8
Earth Magic    | 1 2 3 4 5 6 7 8 |  8.8
Poison Magic   | 1 2 3 4 5 6 7 8 |  8.8
Throwing       | 3 4 5 6 7 8 9 10 | 10.8
Armour         | 3 4 5 6 7 8 9 10 | 10.8
Evocations     | 3 4 5 6 7 8 9 10 | 10.8
Shields        | 5 6 7 8 9 10 11 | 11.4
Fighting       | 7 8 9 10 11 12 | 12.3
Stealth        | 5 6 7 8 9 10 11 | 11.3

Action                   |  1- 3 |  4- 6 |  7- 9 | 10-12 | 13-15 || total
-------------------------+-------+-------+-------+-------+-------++-------
Melee: Whip              |    50 |       |       |       |       ||    50
       Dagger            |     7 |       |       |       |       ||     7
       Bite              |    14 |     9 |    31 |   118 |   386 ||   558
       Short sword       |   104 |    18 |       |       |       ||   122
       Quarterstaff      |       |    82 |   281 |   739 |   866 ||  1968
       Headbutt          |       |     3 |    25 |     6 |       ||    34
       Kick              |       |     2 |    35 |     8 |       ||    45
       Eveningstar       |       |       |       |       |  1117 ||  1117
Throw: Throwing net      |       |       |       |       |     4 ||     4
 Cast: Beastly Appendage |       |     4 |    13 |     3 |       ||    20
       Ensorcelled Hiber |       |       |     2 |     2 |       ||     4
       Swiftness         |       |       |     2 |     7 |    11 ||    20
       Metabolic Englaci |       |       |       |       |    24 ||    24
Invok: Potion Petition   |       |       |       |       |     1 ||     1
Evoke: Wand              |       |       |     2 |    51 |    26 ||    79
  Use: Scroll            |       |     7 |     2 |    12 |    18 ||    39
       Potion            |       |       |     6 |     7 |    22 ||    35
 Stab: Sleeping          |     7 |     7 |    14 |    13 |    23 ||    64
       Paralysed         |       |       |     9 |    35 |    42 ||    86
       Distracted        |       |       |       |    10 |    11 ||    21
       Petrified         |       |       |       |       |     9 ||     9
       Held in net/web   |       |       |       |       |     5 ||     5
       Invisible         |       |       |       |       |     2 ||     2
Armor: Robe              |    29 |    32 |   137 |   177 |   223 ||   598
       Chain mail        |       |       |       |       |   633 ||   633
Dodge: Dodged            |    58 |    61 |   203 |   802 |  1453 ||  2577
Block: Buckler           |    63 |     5 |       |       |   648 ||   716
